 Dungeon Crawl Stone Soup version 0.31-a0-83-gbff143cfd1 (webtiles) character file.

Game seed: 16052925464329572091

12025 Angani the Fighter (level 11, -5/64 HPs)
             Began as a Vine Stalker Chaos Knight on May 24, 2023.
             Was a Plaything of Xom.
             Slain by a skyshark (15 damage)
             ... on level 2 of the Lair of Beasts.
             The game lasted 00:19:29 (9894 turns).

Angani the Fighter (Vine Stalker Chaos Knight)      Turns: 9894, Time: 00:19:30

Health: -5/64      AC:  9    Str: 17    XL:     11   Next: 86%
Magic:  0/12       EV: 18    Int: 10    God:    Xom [...*..]
Gold:   1491       SH:  0    Dex: 22    Spells: 10/10 levels left

rFire   + . .        u - +6 dagger (venom)
rCold   + + .        e - orb {light}
rNeg    . . .        s - +3 leather armour {rF+}
rPois   .            v - +0 helmet
rElec   .            r - +0 cloak
rCorr   .            (no gloves)
SInv    .            I - +0 pair of boots
Will    ++...        L - amulet of the acrobat
Stlth   +            f - ring of flight
HPRegen 1.10/turn    k - ring of protection from fire
MPRegen 0.13/turn

%: acrobat, clarity, guardian spirit
@: flying, glowing
A: fangs 3, regeneration 1, magic shield, antimagic bite, no potion heal 2,
claws 1, camouflage 1, agile 1, clarity, cold resistance 2, strong-willed 1,
strong 1, wild magic 2, heat vulnerability 1, MP-powered wands
a: Renounce Religion


You were on level 2 of the Lair of Beasts.
You worshipped Xom.
You were a favourite toy of Xom.
You visited 2 branches of the dungeon, and saw 12 of its levels.
You also visited: Volcano.

You collected 1491 gold pieces.

Inventory:

Hand Weapons
 p - a +2 dagger of electrocution
 u - a +6 dagger of venom (weapon)
Missiles
 G - 4 throwing nets
Armour
 e - an orb of light (worn)
 r - a +0 cloak (worn)
 s - a +3 leather armour of fire resistance (worn)
 v - a +0 helmet (worn)
 I - a +0 pair of boots (worn)
Jewellery
 d - a ring of wizardry
 f - a ring of flight (left claw)
 g - a ring of positive energy
 k - a ring of protection from fire (right claw)
 x - a ring of poison resistance
 y - a ring of see invisible
 A - a ring of magical power
 B - a ring of positive energy
 D - a ring of protection from cold
 L - an amulet of the acrobat (around neck)
Wands
 i - a wand of paralysis (6)
 E - a wand of polymorph (3)
 J - a wand of digging (5)
Scrolls
 a - a scroll of amnesia
 b - 3 scrolls of poison
 j - 4 scrolls of fog
 l - 5 scrolls of teleportation
 m - 3 scrolls of blinking
 F - a scroll of noise
Potions
 h - a potion of berserk rage
 n - a potion of might
 o - a potion of magic
 q - a potion of invisibility
 t - 3 potions of curing
 w - a potion of lignification
 C - 3 potions of enlightenment
 H - a potion of haste
Miscellaneous
 c - a piece from Xom's chessboard (15/15) (quivered)


   Skills:
 + Level 10.6 Fighting
 - Level 10.0 Short Blades
 - Level 1.5 Armour
 + Level 9.2 Dodging


You had 10 spell levels left.
You didn't know any spells.
Your spell library contained the following spells:

 Spells                   Type           Power      Damage    Failure   Level
 Necrotise                Necr           0%         1d4       58%         1
 Blink                    Tloc           0%         N/A       73%         2
 Cigotuvi's Dreadful Rot  Necr/Pois/Air  0%         N/A       73%         2
 Lesser Beckoning         Tloc           0%         N/A       73%         2
 Momentum Strike          Conj/Tloc      0%         3d8       73%         2
 Vampiric Draining        Necr           0%         2d6       90%         3
 Dispel Undead            Necr           0%         3d6       99%         4
 Agony                    Necr           0%         N/A       100%        5
 Death Channel            Necr           0%         N/A       100%        6


Dungeon Overview and Level Annotations

Branches:
Dungeon (10/15)            Temple (0/1) D:4            Lair (2/5) D:8
Volcano (visited)
  Swamp: Lair:2-3    Shoals: Lair:2-3     Snake: Lair:2-3    Spider: Lair:2-3
    Orc: D:9-12

Altars:
Ashenzari
Cheibriados
Dithmenos
Fedhas
Hepliaklqana
Makhleb
Qazlal
Sif Muna
Wu Jian
Xom
Yredelemnul

Annotations:
D:8 exclusion: oklob plant
D:10 1 transporter, bmj180's ghost, journeyman MfIE


Innate Abilities, Weirdness & Mutations

You have razor-sharp teeth.
Your natural rate of healing is unusually fast.
When hurt, damage is shared between your health and your magic reserves.
Your bite disrupts and absorbs the magic of your enemies.
Potions cannot restore your health.
You have sharp fingernails.
Your skin changes colour to match your surroundings (Stealth+).
You are agile. (Dex +4, Str/Int -1)
You possess an exceptional clarity of mind.
Your flesh is very cold resistant. (rC++)
You are strong-willed. (Will+)
Your muscles are strong. (Str +4, Int/Dex -1)
Your spells are harder to cast, but more powerful.
You are vulnerable to heat. (rF-)
You expend magic power (3 MP) to strengthen your wands.


Message History

You puncture the skyshark!
The skyshark looks as sick as possible!
You bite the skyshark! You drain its power.
The skyshark is severely wounded.
Xom almost notices you. The floor seems to rush up at you!
The skyshark bites you but does no damage.
The skyshark tail-slaps you. The skyshark closely misses you.
You puncture the skyshark!
The skyshark looks as sick as possible!
You bite the skyshark. You drain its power.
You feel invigorated.
The skyshark is almost dead.
The skyshark barely misses you. The skyshark misses you.
The skyshark tail-slaps you.
Unknown command.
You hit the skyshark but do no damage.
The skyshark looks as sick as possible!
You bite the skyshark. You drain its power.
The skyshark is almost dead.
The skyshark bites you! The skyshark barely misses you.
The skyshark tail-slaps you but does no damage.
Unknown command.
You hit the skyshark but do no damage.
The skyshark looks as sick as possible!
You bite the skyshark, but do no damage.
The skyshark is almost dead.
Unknown command.
You hit the skyshark.
The skyshark looks as sick as possible!
You bite the skyshark, but do no damage.
The skyshark is almost dead.
The skyshark bites you!!
* * * LOW HITPOINT WARNING * * *
The skyshark barely misses you. The skyshark tail-slaps you!
* * * LOW HITPOINT WARNING * * *
Unknown command.
Aiming: Throw Flame
Press: ? - help, Shift-Dir - straight line, f - skyshark
Aim: a skyshark (almost dead, berserk, extremely poisoned, haloed, 86% to hit)
The puff of flame hits the skyshark but does no damage.
The skyshark is almost dead.
The now-empty wand crumbles to dust.
The skyshark closely misses you. The skyshark misses you.
The skyshark barely misses you. The skyshark bites you!
You die...

, ,,,,,,,, ,,,, ,, ,,**,, ,,,,
*, ,,,*, , ,. #.........,,,,, ,
,*, ,
**,P..#..............#.... *
,,, ,,.....#............#.....
,,,,
,,,..................#....# ,
,,∆, .....#.................#
,,,,∆ ...........#...........#
* , , >
,......#...........#....#
,,,,**,.#:....@l..#......#....#
,, *,...P..#.)...###..#.....# ,
,, , ,.......................#
, ,,,,
,........................ ,,, ,
,........................ ,,
,.>...............).....# ,,,
,,,#..#.....P.P.#.##.....##
,,,, *##..#.......P##.##..###.
,,,,, #..#......#.......#.....


You could see a skyshark (berserk, extremely poisoned).

Vanquished Creatures
  Nergalle (Lair:2)
  A cyclops (D:9)
  Maggie (D:7)
  3 cane toads
  4 torpor snails (Lair:2)
  2 komodo dragons (Lair:1)
  A polar bear (Lair:1)
  A hornet (D:6)
  3 blink frogs (Lair:1)
  Sigmund (D:3)
  A vampire (D:9)
  10 yaks
  2 fire bats (Volcano)
  Eustachio (D:4)
  A golden eye (Volcano)
  Menkaure (D:7)
  2 steam dragons (D:6)
  A water moccasin (Lair:1)
  3 orc warriors
  A black bear (D:6)
  A sky beast (D:8)
  2 ogres
  4 wolves (Lair:1)
  5 centaurs
  3 phantoms
  3 bullfrogs
  A kobold brigand (D:9)
  2 gnoll sergeants
  A scorpion (Lair:1)
  7 wights
  2 water moccasin zombies (D:5)
  7 killer bees
  A howler monkey (D:9)
  A centaur zombie (D:5)
  5 lava snakes (Volcano)
  A bullfrog zombie (D:5)
  A jelly (D:6)
  4 hounds
  Crazy Yiuf (D:3)
  3 gnoll boudas
  5 orc priests
  A sleepcap (D:5)
  Jessica (D:3)
  Ijyb (D:3)
  2 iguanas (D:5)
  10 orc wizards
  A scorpion zombie (D:5)
  Robin (D:4)
  26 gnolls
  2 adders
  A river rat (D:9)
  A white imp (D:5)
  2 ufetubi
  3 worms (D:2)
  A dart slug (D:3)
  62 orcs
  4 ball pythons
  A bat (D:1)
  6 endoplasms
  A giant cockroach (D:1)
  12 goblins
  8 hobgoblins
  3 quokkas
  2 frilled lizards
  4 kobolds
  2 rats
259 creatures vanquished.

Vanquished Creatures (collateral kills)
  2 yaks
  A water moccasin (D:6)
  2 kobolds (D:10)
5 creatures vanquished.

Vanquished Creatures (others)
  A killer bee (D:7)
1 creature vanquished.

Grand Total: 265 creatures vanquished

Notes
Turn   | Place    | Note
-------+----------+-------------------------------------------
     0 | D:1      | Angani the Vine Stalker Chaos Knight began the quest for
                  | the Orb.
     0 | D:1      | Reached XP level 1. HP: 11/11 MP: 2/2
    66 | D:1      | Reached skill level 1 in Dodging
   348 | D:1      | Reached XP level 2. HP: 9/16 MP: 3/3
  1039 | D:2      | XOM: silly message
  1249 | D:2      | Reached XP level 3. HP: 20/20 MP: 4/4
  1308 | D:2      | XOM: divination: detect items
  1342 | D:2      | XOM: divination: detect creatures
  1366 | D:2      | Gained mutation: Your spells are a little harder to cast,
                  | but a little more powerful. [potion of mutation]
  1366 | D:2      | Gained mutation: You are vulnerable to heat. (rF-) [potion
                  | of mutation]
  1401 | D:2      | XOM: torment (9/20 hp)
  1495 | D:3      | XOM: butterfly on damage
  1498 | D:3      | Gained mutation: Your natural rate of healing is unusually
                  | fast. [Vine Stalker growth]
  1498 | D:3      | Reached XP level 4. HP: 8/24 MP: 2/5
  1552 | D:2      | Reached XP level 5. HP: 27/28 MP: 4/6
  1737 | D:2      | XOM: silly message
  1837 | D:2      | XOM: noise
  2096 | D:3      | Found a stormy altar of Qazlal.
  2097 | D:3      | Noticed Ijyb
  2105 | D:3      | Paralysed by Ijyb for 5 turns
  2109 | D:3      | Killed Ijyb
  2145 | D:3      | Noticed Sigmund
  2151 | D:3      | XOM: smoke on damage
  2158 | D:3      | Killed Sigmund
  2159 | D:3      | Reached XP level 6. HP: 21/33 MP: 5/7
  2201 | D:3      | XOM: 2-stop teleportation journey
  2239 | D:3      | XOM: noise
  2389 | D:3      | Found a runed translucent door.
  2390 | D:3      | Noticed Crazy Yiuf
  2480 | D:3      | XOM: divination: detect items
  2493 | D:3      | Noticed Jessica
  2495 | D:3      | XOM: enchant monster (bad)
  2498 | D:3      | Killed Jessica
  3253 | D:3      | Killed Crazy Yiuf
  3403 | D:4      | Noticed Eustachio
  3426 | D:4      | XOM: silly message
  3427 | D:4      | Killed Eustachio
  3428 | D:4      | Reached XP level 7. HP: 38/38 MP: 8/8
  3508 | D:4      | Found a shimmering blue altar of Sif Muna.
  3671 | D:4      | Found a burning altar of Makhleb.
  3727 | D:4      | Reached skill level 5 in Fighting
  3751 | D:4      | Noticed Robin
  3766 | D:4      | Killed Robin
  3793 | D:4      | Reached skill level 5 in Short Blades
  3898 | D:4      | Found a staircase to the Ecumenical Temple.
  4137 | D:4      | XOM: give mutations
  4137 | D:4      | Gained mutation: You have hidden genetic potential. [Xom's
                  | grace]
  4137 | D:4      | Gained mutation: Your flesh is cold resistant. (rC+) [Xom's
                  | grace]
  4137 | D:4      | Gained mutation: You are agile. (Dex +4, Str/Int -1) [Xom's
                  | grace]
  4137 | D:4      | Gained mutation: Your spells are harder to cast, but more
                  | powerful. [Xom's grace]
  4272 | D:5      | Entered Level 5 of the Dungeon
  4293 | D:5      | XOM: confuse monster(s)
  4307 | D:5      | XOM: enchant monster (bad)
  4324 | D:5      | Gained mutation: You have razor-sharp teeth. [Vine Stalker
                  | growth]
  4324 | D:5      | Reached XP level 8. HP: 37/43 MP: 9/9
  4498 | D:5      | Found a basalt altar of Yredelemnul.
  4499 | D:5      | Gained mutation: You are strong-willed. (Will+) [hidden
                  | potential]
  4836 | D:6      | XOM: chaos upgrade
  4839 | D:6      | XOM: blink monster(s)
  4912 | D:6      | Reached skill level 5 in Dodging
  5111 | D:6      | XOM: noise
  5112 | D:6      | XOM: noise
  5116 | D:6      | Reached XP level 9. HP: 43/49 MP: 6/10
  5171 | D:6      | Noticed a hornet
  5175 | D:6      | XOM: cast spell 'Summon Dragon'
  5176 | D:6      | Killed a hornet
  5352 | D:6      | Gained mutation: Your system is resistant to poisons.
                  | (rPois) [hidden potential]
  5352 | D:6      | Lost mutation: You have hidden genetic potential. [hidden
                  | potential expressed]
  5537 | D:7      | Noticed Menkaure
  5543 | D:7      | Killed Menkaure
  5597 | D:7      | Noticed Maggie
  5611 | D:7      | XOM: fog
  5666 | D:7      | XOM: cast spell 'Monstrous Menagerie'
  5669 | D:7      | XOM: summons 2 hostile shadow creatures
  5671 | D:7      | Killed Maggie
  5804 | D:7      | XOM: confusion (+ monsters)
  5805 | D:7      | XOM: enchant monster (good)
  5819 | D:7      | XOM: summons 5 hostile demons
  5938 | D:7      | Reached XP level 10. HP: 31/56 MP: 5/11
  6114 | D:7      | Found a snail-covered altar of Cheibriados.
  6669 | D:8      | XOM: give mutations
  6669 | D:8      | Gained mutation: You possess an exceptional clarity of
                  | mind. [Xom's grace]
  6669 | D:8      | Gained mutation: You expend magic power (3 MP) to
                  | strengthen your wands. [Xom's grace]
  6669 | D:8      | Gained mutation: Your skin changes colour to match your
                  | surroundings (Stealth+). [Xom's grace]
  6806 | D:8      | XOM: cloud trail
  6816 | D:8      | Found a blossoming altar of Fedhas.
  6826 | D:8      | You fall into a shaft and drop 2 floors!
  6826 | D:10     | Entered Level 10 of the Dungeon
  6826 | D:10     | Found a shadowy altar of Dithmenos.
  6898 | D:10     | Noticed bmj180's ghost (journeyman MfIE)
  6904 | D:10     | Found a transporter.
  6921 | D:9      | XOM: summons friendly crimson imp
  6972 | D:9      | XOM: cast spell 'Cause Fear'
  7007 | D:8      | XOM: scenery: create altars
  7076 | D:8      | XOM: confuse monster(s)
  7141 | D:8      | Found a staircase to the Lair.
  7334 | D:8      | XOM: god gift: 844 gold pieces
  7462 | D:8      | Noticed an oklob plant
  7517 | D:9      | XOM: give mutations
  7517 | D:9      | Gained mutation: Your flesh is very cold resistant. (rC++)
                  | [Xom's grace]
  7517 | D:9      | Gained mutation: You are robust. (+10% HP) [Xom's grace]
  7517 | D:9      | Gained mutation: You have sharp fingernails. [Xom's grace]
  7526 | D:9      | Found a runed translucent door.
  7534 | D:9      | Noticed a cyclops
  7537 | D:9      | XOM: fog
  7539 | D:9      | XOM: confuse monster(s)
  7545 | D:9      | XOM: confuse monster(s)
  7592 | D:9      | Killed a cyclops
  7621 | D:9      | XOM: god gift: 42 gold pieces
  7743 | D:9      | Found an ornate altar of the Wu Jian Council.
  7755 | D:9      | Found an opulent altar of Gozag.
  7755 | D:9      | Found a broken altar of Ashenzari.
  7757 | D:9      | Found a shimmering altar of Xom.
  7757 | D:9      | Found a basalt altar of Yredelemnul.
  7757 | D:9      | Found a hazy altar of Hepliaklqana.
  7781 | D:9      | XOM: cloud trail
  7891 | D:9      | XOM: summons 1 hostile demon
  8107 | D:9      | XOM: polymorph orc -> river rat
  8114 | D:9      | XOM: polymorph orc priest -> killer bee
  8274 | Lair:1   | Entered Level 1 of the Lair of Beasts
  8334 | Lair:1   | XOM: enchant monster (bad)
  8341 | Lair:1   | Reached XP level 11. HP: 68/68 MP: 12/12
  8388 | Lair:1   | Found a dark tunnel.
  8409 | Volcano  | Entered a volcano
  8561 | Volcano  | XOM: swap monsters
  8684 | Volcano  | Found a radiant altar of Vehumet.
  8684 | Volcano  | Noticed a salamander
  8684 | Volcano  | Noticed a salamander
  8684 | Volcano  | Noticed a salamander mystic
  8684 | Volcano  | Noticed a salamander
  8688 | Volcano  | a salamander changed into a golden eye
  8689 | Volcano  | XOM: enchant monster (good)
  8691 | Volcano  | XOM: smoke on damage
  8791 | Lair:1   | XOM: give mutation
  8791 | Lair:1   | Gained mutation: Your muscles are strong. (Str +4, Int/Dex
                  | -1) [Xom's grace]
  8844 | Lair:1   | XOM: summons friendly crimson imp
  8862 | Lair:1   | XOM: polymorph water moccasin -> scorpion
  8864 | Lair:1   | XOM: enchant monster (good)
  8880 | Lair:1   | XOM: polymorph crimson imp -> lemure
  9000 | Lair:1   | XOM: enchant monster (bad)
  9011 | Lair:1   | XOM: cast spell 'Chain of Chaos'
  9196 | Lair:1   | XOM: enchant monster (good)
  9227 | Lair:1   | XOM: give mutations
  9227 | Lair:1   | Lost mutation: Your system is resistant to poisons. (rPois)
                  | [Xom's mischief]
  9227 | Lair:1   | Lost mutation: You are robust. (+10% HP) [Xom's mischief]
  9228 | Lair:1   | XOM: cast spell 'Death Channel'
  9233 | Lair:1   | Reached skill level 10 in Fighting
  9579 | Lair:2   | Reached skill level 10 in Short Blades
  9623 | Lair:2   | Found a snail-covered altar of Cheibriados.
  9822 | Lair:2   | Noticed Nergalle
  9829 | Lair:2   | Noticed a skyshark
  9829 | Lair:2   | XOM: swap monsters
  9837 | Lair:2   | XOM: divination: detect items
  9843 | Lair:2   | XOM: summons friendly ufetubus
  9850 | Lair:2   | XOM: confuse monster(s)
  9851 | Lair:2   | XOM: confuse monster(s)
  9863 | Lair:2   | Killed Nergalle
  9878 | Lair:2   | XOM: divination: detect items
  9880 | Lair:2   | XOM: divination: magic mapping
  9889 | Lair:2   | XOM: silly message
  9894 | Lair:2   | Slain by a skyshark

Illustrated notes

Levels and vault maps discovered:
D:1:      reono_arrival_forest_river, layout_basic, feat_on_display
D:2:      cheibrodos_pilgrimage, layout_basic
D:3:      layout_basic, mainiacjoe_overflow_boulevard, uniq_jessica, uniq_ijyb,
          uniq_crazy_yiuf_cottage, uniq_sigmund
D:4:      layout_basic, kennysheep_mini_moat, mainiacjoe_overflow_brackets,
          minmay_temple_entry_junction, minivault_4, uniq_eustachio, uniq_robin
D:5:      nicolae_cairo_tiling, layout_rooms, nicolae_yredelemnul_corpse_copse
D:6:      layout_loops_ring
D:7:      layout_basic, lemuel_round_altar, kennysheep_boxes, uniq_menkaure,
          uniq_maggie
D:8:      layout_basic, tgw_fedhas, special_room [special_room_orc]
D:9:      layout_big_octagon, doesnt_xom_only_xom, lightli_church_of_beogh
D:10:     layout_gridville, mainiacjoe_overflow_cross_hatched, orc_david_3,
          serial_shops, shop, gammafunk_ghost_stat_death, st_stairs_13
Lair:1:   layout_long_grid, enter_volcano_1, minivault_24, ldierk_geyser,
          st_stairs_6, beast_lair_carwin_11, grunt_megastairs_4
Lair:2:   layout_regular_city, kennysheep_snail_temple, serial_bayou_shore_b,
          uniq_nergalle

Skill      XL: |  1  2  3  4  5  6  7  8  9 10 11 |
---------------+----------------------------------+-----
Dodging        | 1 2 3 4 5 6 7 9 |  9.2
Fighting       | 3 4 5 6 7 9 10 | 10.6
Short Blades   | 3 4 5 6 7 9 10 | 10.0
Armour         | |  1.5

Action                     |  1- 3 |  4- 6 |  7- 9 | 10-12 || total
---------------------------+-------+-------+-------+-------++-------
  Melee: Short sword       |    65 |    93 |    95 |       ||   253
         Bite              |    27 |    39 |   121 |   209 ||   396
         Dagger            |       |       |   196 |   452 ||   648
  Evoke: Piece from Xom's  |     4 |       |       |       ||     4
         Wand              |       |       |       |     4 ||     4
    Use: Scroll            |     5 |     3 |     6 |    10 ||    24
         Potion            |     3 |     2 |     1 |       ||     6
   Stab: Paralysed         |       |     1 |     1 |       ||     2
         Confused          |       |       |       |     5 ||     5
 Armour: Leather armour    |    17 |    27 |    62 |    66 ||   172
  Dodge: Dodged            |    41 |    46 |   195 |   316 ||   598

Table legend: (Time is in decaauts)
 A = Elapsed time spent in this place.
 B = Non-inter-level travel time spent in this place.
 C = Inter-level travel time spent in this place.
 D = Time resting spent in this place.
 E = Time spent auto-exploring this place.
 F = Levels seen in this place.
 G = Mean time per level.
                   A        B        C        D        E       F      G
               +--------+--------+--------+--------+--------+-----+--------+
         Total |   9611 |   9205 |    406 |    557 |   6740 |  13 |  739.3 |
       Dungeon |   8081 |   7687 |    394 |    407 |   5803 |  10 |  808.1 |
          Lair |   1185 |   1173 |     12 |     90 |    726 |   2 |  592.5 |
       Volcano |    343 |    343 |      0 |     60 |    211 |   1 |  343.0 |
               +--------+--------+--------+--------+--------+-----+--------+

Top non-repeatable levels by time:
     D:3: 1412 daAuts
     D:2: 1021 daAuts
     D:1: 953 daAuts
     D:8: 849 daAuts
     D:4: 844 daAuts
     D:6: 823 daAuts
     D:7: 822 daAuts
  Lair:1: 809 daAuts
     D:9: 696 daAuts
     D:5: 530 daAuts
  Lair:2: 376 daAuts
 Volcano: 343 daAuts
    D:10: 126 daAuts
